EVO
OHIO STATE UNIVERSITY BUCKEYES @ WICHITA STATE UNIVERSITY SHOCKERS
08/06/2048
 
TOP OF THE 1ST
Ohio State University Buckeyes batting - Pitching for Wichita State University Shockers : LHP Joe Seaborn
Pitching: LHP Joe Seaborn
Batting: LHB Adam Simpson 0-0: Foul Ball, location: 2F
0-1: Ball
1-1: Ball
2-1: Fly out, F8 (Flyball, 89M, EV 81.2 MPH)
Batting: RHB Mike Tarantino 0-0: Ball
1-0: Called Strike
1-1: SINGLE (Line Drive, 89S, EV 108.1 MPH)
Batting: LHB Tony Abascal 0-0: Grounds into double play, 4-6-3 (Groundball, 4, EV 91.2 MPH)
Top of the 1st over - 0 runs, 1 hit, 0 errors, 0 left on base; Ohio State University 0 - Wichita State University 0
BOTTOM OF THE 1ST
Wichita State University Shockers batting - Pitching for Ohio State University Buckeyes : RHP Roberto Morado
Pitching: RHP Eric Long
Batting: RHB Kyle Gill 0-0: Ball
1-0: Ball
2-0: Ball
3-0: Called Strike
3-1: Base on Balls
Batting: RHB Alex Zeledon 0-0: SINGLE (Groundball, 4D, EV 105.6 MPH)
Kyle Gill to second
Runner from 2nd tries for 3rd, SAFE, no throw by RF
Batting: LHB Carlos Flores 0-0: Ball
Alex Zeledon steals 2nd base
1-0: SINGLE (Line Drive, 8LS, EV 108.1 MPH)
Kyle Gill scores
Alex Zeledon to third
Batting: RHB Jason Adelstein 0-0: SINGLE (Line Drive, 9LS, EV 87.5 MPH)
Alex Zeledon scores
Carlos Flores to second
Batting: RHB Marvin Coffey 0-0: Ball
1-0: Ball
2-0: Called Strike
2-1: Foul Ball, location: 2F
2-2: Ball
3-2: Grounds into double play, 5-4-3 (Groundball, 15, EV 90.0 MPH)
Carlos Flores to third
Batting: LHB Troy Davies 0-0: Ball
1-0: Foul Ball, location: 2F
1-1: Ground out 5-3 (Groundball, 56, EV 75.6 MPH)
Bottom of the 1st over - 2 runs, 3 hits, 0 errors, 1 left on base; Ohio State University 0 - Wichita State University 2
TOP OF THE 2ND
Ohio State University Buckeyes batting - Pitching for Wichita State University Shockers : LHP Joe Seaborn
Batting: RHB Mike Goodrich 0-0: Called Strike
0-1: Swinging Strike
0-2: DOUBLE (Line Drive, 78D, EV 106.2 MPH)
Batting: RHB Masatoshi Mori 0-0: Ball
1-0: Foul Ball, location: 2F
1-1: Foul Ball, location: 2F
1-2: Ground out 4-3 (Groundball, 4, EV 81.2 MPH)
Mike Goodrich to third
Batting: LHB Zach Brandt 0-0: Ball
1-0: Called Strike
1-1: Foul Ball, location: 2F
1-2: Strikes out swinging
Batting: LHB Anthony Ross 0-0: Ball
1-0: Called Strike
1-1: Called Strike
1-2: Strikes out swinging
Top of the 2nd over - 0 runs, 1 hit, 0 errors, 1 left on base; Ohio State University 0 - Wichita State University 2
BOTTOM OF THE 2ND
Wichita State University Shockers batting - Pitching for Ohio State University Buckeyes : RHP Eric Long
Pitching: RHP Dan Herwig
Batting: RHB Lucio Baratta 0-0: Ball
1-0: Called Strike
1-1: Ball
2-1: Foul Ball, location: 2F
2-2: Ball
3-2: Foul Ball, location: 2F
3-2: Foul Ball, location: 2F
3-2: Foul Ball, location: 2F
3-2: Base on Balls
Batting: LHB Kyle Lee 0-0: Fly out, F9 (Line Drive, 89S, EV 96.2 MPH)
Batting: RHB Jeff Grant 0-0: Called Strike
0-1: Called Strike
0-2: Ball
1-2: Strikes out swinging
Batting: RHB Kyle Gill 0-0: Foul Ball, location: 2F
0-1: Ball
1-1: Ball
Wild Pitch!
Lucio Baratta to second
2-1: Foul Ball, location: 2F
2-2: Foul Ball, location: 2F
2-2: Fly out, F8 (Flyball, 8LXD, EV 98.1 MPH)
Bottom of the 2nd over - 0 runs, 0 hits, 0 errors, 1 left on base; Ohio State University 0 - Wichita State University 2
TOP OF THE 3RD
Ohio State University Buckeyes batting - Pitching for Wichita State University Shockers : LHP Joe Seaborn
Batting: RHB Marcelo Bardelli 0-0: Ball
1-0: Ball
2-0: Ground out 4-3 (Groundball, 4, EV 103.1 MPH)
Batting: RHB Josh Dinsmore 0-0: Called Strike
0-1: Called Strike
0-2: Ball
1-2: Ball
2-2: Ball
3-2: Strikes out swinging
Batting: LHB Adam Simpson 0-0: Ball
1-0: Called Strike
1-1: Ground out 6-3 (Groundball, 6, EV 83.8 MPH)
Top of the 3rd over - 0 runs, 0 hits, 0 errors, 0 left on base; Ohio State University 0 - Wichita State University 2
BOTTOM OF THE 3RD
Wichita State University Shockers batting - Pitching for Ohio State University Buckeyes : RHP Dan Herwig
Pitching: RHP Bob Rowsell
Batting: RHB Alex Zeledon 0-0: Called Strike
0-1: Ball
1-1: Swinging Strike
1-2: Strikes out swinging
Batting: LHB Carlos Flores 0-0: Called Strike
0-1: Swinging Strike
0-2: Ball
1-2: Ball
2-2: Strikes out swinging
Batting: RHB Jason Adelstein 0-0: SINGLE (Line Drive, 8LS, EV 106.9 MPH)
Batting: RHB Marvin Coffey 0-0: Called Strike
0-1: Ball
1-1: Fly out, F5 (Line Drive, 5, EV 66.9 MPH)
Bottom of the 3rd over - 0 runs, 1 hit, 0 errors, 1 left on base; Ohio State University 0 - Wichita State University 2
TOP OF THE 4TH
Ohio State University Buckeyes batting - Pitching for Wichita State University Shockers : LHP Joe Seaborn
Batting: RHB Mike Tarantino 0-0: Called Strike
0-1: Called Strike
0-2: Ball
1-2: Ball
2-2: Ground out 4-3 (Groundball, 4S, EV 85.6 MPH)
Batting: LHB Tony Abascal 0-0: Foul Ball, location: 2F
0-1: Ball
1-1: Fly out, F7 (Flyball, 7, EV 86.9 MPH)
Batting: RHB Mike Goodrich 0-0: Called Strike
0-1: Ball
1-1: Called Strike
1-2: Strikes out swinging
Top of the 4th over - 0 runs, 0 hits, 0 errors, 0 left on base; Ohio State University 0 - Wichita State University 2
BOTTOM OF THE 4TH
Wichita State University Shockers batting - Pitching for Ohio State University Buckeyes : RHP Bob Rowsell
Batting: LHB Troy Davies 0-0: Ball
1-0: Swinging Strike
1-1: Ball
2-1: Foul Ball, location: 2F
2-2: Ball
3-2: SINGLE (Line Drive, 78S, EV 105.0 MPH)
Batting: RHB Lucio Baratta 0-0: Ball
1-0: Ball
2-0: Called Strike
2-1: Swinging Strike
2-2: Foul Ball, location: 2F
2-2: Ball
3-2: Foul Ball, location: 2F
3-2: Strikes out swinging
Batting: LHB Kyle Lee 0-0: Ball
1-0: Foul Ball, location: 2F
1-1: Called Strike
1-2: Ball
2-2: Strikes out swinging
Pitching: RHP Andy Hollis
Batting: RHB Jeff Grant 0-0: Ball
1-0: Called Strike
1-1: Ball
2-1: Ball
3-1: Foul Ball, location: 2F
3-2: 2-RUN HOME RUN (Flyball, 7D, EV 101.9 MPH), Distance : 404 ft
Batting: RHB Kyle Gill 0-0: Ball
1-0: Ground out 6-3 (Groundball, 6, EV 103.1 MPH)
Bottom of the 4th over - 2 runs, 2 hits, 0 errors, 0 left on base; Ohio State University 0 - Wichita State University 4
TOP OF THE 5TH
Ohio State University Buckeyes batting - Pitching for Wichita State University Shockers : LHP Joe Seaborn
Now at SS: Peter Faggard
Batting: RHB Masatoshi Mori 0-0: Called Strike
0-1: Ball
1-1: Ball
2-1: Ball
3-1: Called Strike
3-2: Fly out, F7 (Flyball, 78M, EV 96.2 MPH)
Batting: LHB Zach Brandt 0-0: Foul Ball, location: 2F
0-1: Swinging Strike
0-2: Ball
1-2: Strikes out looking
Batting: LHB Anthony Ross 0-0: Called Strike
0-1: Ball
1-1: Ball
2-1: Ball
3-1: Foul Ball, location: 2F
3-2: Base on Balls
Batting: RHB Marcelo Bardelli 0-0: Fly out, F9 (Flyball, 9D, EV 90.0 MPH)
Top of the 5th over - 0 runs, 0 hits, 0 errors, 1 left on base; Ohio State University 0 - Wichita State University 4
BOTTOM OF THE 5TH
Wichita State University Shockers batting - Pitching for Ohio State University Buckeyes : RHP Andy Hollis
Batting: RHB Alex Zeledon 0-0: Called Strike
0-1: Ball
1-1: Foul Ball, location: 2F
1-2: SINGLE (Line Drive, 4MD, EV 97.5 MPH)
Pinch Hitting: RHB Byron Whitehead 0-0: Foul Ball, location: 2F
0-1: Ball
1-1: Ball
2-1: Foul Ball, location: 2F
2-2: Ball
3-2: Foul Ball, location: 2F
3-2: Strikes out swinging
Batting: RHB Jason Adelstein 0-0: Called Strike
0-1: Fly out, F9 (Flyball, 9D, EV 97.5 MPH)
Batting: RHB Marvin Coffey 0-0: Called Strike
0-1: Ball
1-1: Swinging Strike
1-2: Ball
2-2: Fly out, F7 (Flyball, 78S, EV 82.5 MPH)
Bottom of the 5th over - 0 runs, 1 hit, 0 errors, 1 left on base; Ohio State University 0 - Wichita State University 4
TOP OF THE 6TH
Ohio State University Buckeyes batting - Pitching for Wichita State University Shockers : LHP Joe Seaborn
Now at C: Larry Hogue
Now in RF: Byron Whitehead
Batting: RHB Josh Dinsmore 0-0: Ball
1-0: Ball
2-0: Ball
3-0: Base on Balls
Pinch Hitting: RHB Bo Wu 0-0: Called Strike
0-1: Foul Ball, location: 2F
0-2: Ball
Wild Pitch!
Josh Dinsmore to second
1-2: Foul Ball, location: 2F
1-2: Fly out, F6 (Line Drive, 56, EV 71.2 MPH)
Pinch Hitting: RHB Jacob Carrano 0-0: Foul Ball, location: 2F
0-1: Fly out, F6 (Line Drive, 6, EV 68.8 MPH)
Batting: LHB Tony Abascal 0-0: Swinging Strike
0-1: Foul Ball, location: 2F
0-2: Ball
1-2: Strikes out looking
Top of the 6th over - 0 runs, 0 hits, 0 errors, 1 left on base; Ohio State University 0 - Wichita State University 4
BOTTOM OF THE 6TH
Wichita State University Shockers batting - Pitching for Ohio State University Buckeyes : RHP Andy Hollis
Now at SS: Jacob Carrano
Now in LF: Bo Wu
Now in RF: Tony Abascal
Batting: SHB Peter Faggard 0-0: Ground out 5-3 (Groundball, 56, EV 84.4 MPH)
Batting: LHB Greg Burton 0-0: Ball
1-0: Ground out 4-3 (Groundball, 4MS, EV 88.8 MPH)
Pinch Hitting: RHB Jordan Carr 0-0: Foul Ball, location: 2F
0-1: Foul Ball, location: 2F
0-2: Ball
1-2: Strikes out swinging
Bottom of the 6th over - 0 runs, 0 hits, 0 errors, 0 left on base; Ohio State University 0 - Wichita State University 4
TOP OF THE 7TH
Ohio State University Buckeyes batting - Pitching for Wichita State University Shockers : LHP Joe Seaborn
Pitching: RHP Keith Wilder
Now at 1B: Mike Chafe
Batting: RHB Harry Jerome 0-0: Ground out 4-3 (Groundball, 13, EV 83.8 MPH)
Batting: RHB Masatoshi Mori 0-0: Called Strike
0-1: Fly out, F8 (Flyball, 78M, EV 83.8 MPH)
Batting: LHB Zach Brandt 0-0: Foul Ball, location: 2F
0-1: Swinging Strike
0-2: Ball
1-2: Ball
2-2: Strikes out swinging
Top of the 7th over - 0 runs, 0 hits, 0 errors, 0 left on base; Ohio State University 0 - Wichita State University 4
BOTTOM OF THE 7TH
Wichita State University Shockers batting - Pitching for Ohio State University Buckeyes : RHP Andy Hollis
Pitching: RHP Rodolfo Lrio
Now at C: Ben Callaway
Pinch Hitting: RHB Chad Starnes 0-0: Swinging Strike
0-1: Ball
1-1: Foul Ball, location: 2F
1-2: Ball
2-2: Ball
3-2: Strikes out swinging
Batting: RHB Kyle Gill 0-0: Swinging Strike
0-1: Ball
1-1: Foul Ball, location: 2F
1-2: Ball
2-2: Foul Ball, location: 2F
2-2: Ball
3-2: Ground out U3 (Groundball, 13, EV 81.9 MPH)
Batting: RHB Alex Zeledon 0-0: Ball
1-0: Ball
2-0: Called Strike
2-1: Ball
3-1: Swinging Strike
3-2: Base on Balls
Batting: RHB Byron Whitehead 0-0: Called Strike
0-1: Ball
1-1: DOUBLE (Line Drive, 7LM, EV 113.1 MPH)
Alex Zeledon to third
Runner from 3rd tries for Home, SAFE, no throw by LF
Batting: RHB Jason Adelstein 0-0: Called Strike
0-1: Ground out 4-3 (Groundball, 4M, EV 104.4 MPH)
Bottom of the 7th over - 1 run, 1 hit, 0 errors, 1 left on base; Ohio State University 0 - Wichita State University 5
TOP OF THE 8TH
Ohio State University Buckeyes batting - Pitching for Wichita State University Shockers : RHP Keith Wilder
Pitching: LHP John Schroeder
Now at 3B: Chad Starnes
Pinch Hitting: RHB David Guillen 0-0: Called Strike
0-1: Ball
1-1: Ball
2-1: Foul Ball, location: 3F, Error on foul ball, E3
2-2: Ball
3-2: Fly out, F8 (Flyball, 78D, EV 100.6 MPH)
Batting: RHB Marcelo Bardelli 0-0: Ball
1-0: Ball
2-0: Swinging Strike
2-1: Foul Ball, location: 2F
2-2: Foul Ball, location: 2F
2-2: Strikes out swinging
Batting: LHB Ben Callaway 0-0: Called Strike
0-1: Hit by Pitch
Batting: RHB Bo Wu 0-0: Called Strike
0-1: Swinging Strike
0-2: Ball
1-2: Foul Ball, location: 2F
1-2: Strikes out swinging
Top of the 8th over - 0 runs, 0 hits, 1 error, 1 left on base; Ohio State University 0 - Wichita State University 5
BOTTOM OF THE 8TH
Wichita State University Shockers batting - Pitching for Ohio State University Buckeyes : RHP Rodolfo Lrio
Pitching: LHP Adrien Leroy
Now at 3B: David Guillen
Batting: RHB Larry Hogue 0-0: Called Strike
0-1: Foul Ball, location: 2F
0-2: Strikes out swinging
Batting: SHB Peter Faggard 0-0: Ball
1-0: Ball
2-0: Ball
3-0: Called Strike
3-1: Foul Ball, location: 2F
3-2: Fly out, F8 (Flyball, 89M, EV 91.2 MPH)
Batting: LHB Greg Burton 0-0: Ground out U3 (Groundball, 3, EV 100.0 MPH)
Bottom of the 8th over - 0 runs, 0 hits, 0 errors, 0 left on base; Ohio State University 0 - Wichita State University 5
TOP OF THE 9TH
Ohio State University Buckeyes batting - Pitching for Wichita State University Shockers : LHP John Schroeder
Pitching: RHP Steve Mattes
Batting: RHB Jacob Carrano 0-0: Fly out, F8 (Flyball, 78M, EV 88.8 MPH)
Batting: LHB Tony Abascal 0-0: Foul Ball, location: 2F
0-1: Foul Ball, location: 2F
0-2: Ball
1-2: Ground out 4-3 (Groundball, 4, EV 85.0 MPH)
Batting: RHB Harry Jerome 0-0: Ball
1-0: Ball
2-0: SINGLE (Line Drive, 8LS, EV 105.0 MPH)
Pinch Hitting: LHB Chris Perry 0-0: Ball
1-0: Ball
2-0: Ball
3-0: Called Strike
3-1: Foul Ball, location: 2F
3-2: Foul Ball, location: 2F
3-2: Foul Ball, location: 2F
3-2: Base on Balls
Harry Jerome to second
Batting: LHB Zach Brandt 0-0: Called Strike
0-1: SINGLE (Line Drive, 4D, EV 103.1 MPH)
Harry Jerome to third
Chris Perry to second
Batting: RHB David Guillen 0-0: Ball
Wild Pitch!
Harry Jerome scores
Chris Perry to third
Zach Brandt to second
1-0: Called Strike
1-1: Swinging Strike
1-2: Fly out, F9 (Flyball, 9, EV 99.4 MPH)
Top of the 9th over - 1 run, 2 hits, 0 errors, 2 left on base; Ohio State University 1 - Wichita State University 5
Tuesday, March 28th , 2023 - OOTP Baseball 23.10 Build 110